 Dungeon Crawl Stone Soup version 0.21.0 (webtiles) character file.

536 inmateoo the Skirmisher (level 7, -3/44 HPs)
             Began as a Gargoyle Fighter on Jan 5, 2018.
             Slain by an ogre
             ... wielding a +0 giant club
              (23 damage)
             ... on level 4 of the Dungeon.
             The game lasted 00:03:52 (3390 turns).

inmateoo the Skirmisher (Gargoyle Fighter)          Turns: 3390, Time: 00:03:53

Health: -3/44      AC: 13    Str: 21    XL:     7   Next: 25%
Magic:  7/7        EV:  7    Int:  9    God:
Gold:   224        SH:  9    Dex:  9    Spells: 6/6 levels left

rFire    . . .     SeeInvis .   a - +0 war axe
rCold    . . .     Gourm    .   c - +0 shield
rNeg     + . .     Faith    .   b - +0 scale mail
rPois    ∞         Spirit   .   (no helmet)
rElec    +         Reflect  .   (no cloak)
rCorr    .         Harm     .   (no gloves)
MR       .....                  l - +0 pair of boots
Stlth    ..........             (no amulet)
HPRegen  0.14/turn              (no ring)
MPRegen  0.10/turn              (no ring)

@: no status effects
A: negative energy resistance 1, electricity resistance, unbreathing,
petrification resistance, rot immunity, AC +4
a: no special abilities


You were on level 4 of the Dungeon.
You were hungry.

You visited 1 branch of the dungeon, and saw 4 of its levels.

You collected 224 gold pieces.

Inventory:

Hand Weapons
 a - a +0 war axe (weapon)
Armour
 b - a +0 scale mail (worn)
 c - a +0 shield (worn)
 l - a +0 pair of boots (worn)
Jewellery
 k - an uncursed amulet of guardian spirit {unknown}
Wands
 v - a wand of iceblast (1)
Scrolls
 e - 9 scrolls of identify {unknown}
 g - 5 scrolls of remove curse {unknown}
 i - a scroll of enchant weapon {unknown}
 j - a scroll of immolation {unknown}
 m - a scroll of teleportation {unknown}
 n - a scroll of enchant armour {unknown}
 q - a scroll of amnesia {unknown}
 s - a scroll of fear {unknown}
 t - a scroll of blinking {unknown}
Potions
 d - a potion of might
 h - 2 potions of curing {unknown}
 o - 2 potions of flight {unknown}
 p - a potion of brilliance {unknown}
 r - a potion of agility {unknown}
 u - a potion of heal wounds {unknown}
Comestibles
 f - 12 rations


   Skills:
 + Level 5.0 Fighting
 * Level 4.8 Axes
 - Level 5.0 Armour
 - Level 4.2 Shields


You had 6 spell levels left.
You didn't know any spells.

Dungeon Overview and Level Annotations

Branches:
Dungeon (4/15)
 Temple: D:4-7

Altars:
Ashenzari


Innate Abilities, Weirdness & Mutations

You are resistant to torment.
Your stone body is resilient. (AC +4)
You are immune to poison.
You resist negative energy. (rN+)
You are resistant to electric shocks. (rElec)
You can survive without breathing.
You are immune to petrification.
You are immune to rotting.


Message History

You slash the ogre!
The ogre is moderately wounded.
The ogre closely misses you. The ogre barely misses you.
You hit the ogre but do no damage.
The ogre is moderately wounded.
You block the ogre's attack.
Your shield prevents you from hitting the ogre.
The ogre is moderately wounded.
You block the ogre's attack.
Your shield and scale mail prevent you from hitting the ogre.
The ogre is moderately wounded.
The ogre hits you with a giant club!
You slash the ogre!
The ogre is almost dead.
You block the ogre's attack.
You barely miss the ogre.
The ogre is almost dead.
The ogre hits you with a giant club!!
Ouch! That really hurt!
You die...

#......# #.####.# # ### #.# #.#
####.#######.####[#
.##............##.#
....)..#####.#.##.# ###...##
#......# ##.## ###.O)## #.# ###@#
#.# #.# #.# #.. ##'## #.# #.#
##...## #.# #.# ##.....## ###.#
#.## #.......## ##.#.# #..##
.........####....##########...###
.........+.......................
.........####....######.......###


You could see an ogre.

Vanquished Creatures
  A scorpion (D:4)
  2 jellies (D:3)
  2 orc priests
  An iguana (D:3)
  2 orc wizards (D:4)
  A worker ant (D:4)
  Terence (D:2)
  A worker ant zombie (D:4)
  3 gnolls (D:4)
  6 adders
  10 oozes
  A worm (D:2)
  2 dart slugs
  11 orcs
  5 giant cockroaches
  6 goblins
  5 hobgoblins
  10 jackals
  14 kobolds
  2 quokkas
  8 bats
  2 frilled lizards (D:1)
  6 rats
  A fungus (D:3)
103 creatures vanquished.

Vanquished Creatures (others)
  5 fungi (D:3)
  6 toadstools (D:3)
11 creatures vanquished.

Grand Total: 114 creatures vanquished

Notes
Turn   | Place    | Note
-------+----------+-------------------------------------------
     0 | D:1      | inmateoo the Gargoyle Fighter began the quest for the Orb.
     0 | D:1      | Reached XP level 1. HP: 14/14 MP: 1/1
   108 | D:1      | Reached XP level 2. HP: 19/19 MP: 2/2
   376 | D:1      | Reached XP level 3. HP: 17/23 MP: 3/3
   875 | D:2      | Noticed Terence
   882 | D:2      | Killed Terence
   882 | D:2      | Reached XP level 4. HP: 22/29 MP: 4/4
  1199 | D:2      | Found a shattered altar of Ashenzari.
  1590 | D:3      | Reached XP level 5. HP: 33/33 MP: 5/5
  1877 | D:3      | Found a faded altar of an unknown god.
  2006 | D:3      | Reached XP level 6. HP: 29/39 MP: 6/6
  2687 | D:4      | Reached XP level 7. HP: 43/44 MP: 7/7
  2925 | D:4      | Reached skill level 5 in Fighting
  2961 | D:3      | Reached skill level 5 in Armour
  3390 | D:4      | Slain by an ogre

Skill      XL: |  1  2  3  4  5  6  7 |
---------------+----------------------+-----
Axes           | 2 3 4 |  4.8
Shields        | 4 |  4.2
Fighting       | 4 5 |  5.0
Armour         | 4 5 |  5.0

Action                   |  1- 3 |  4- 6 |  7- 9 || total
-------------------------+-------+-------+-------++-------
Melee: War axe           |   105 |   226 |    35 ||   366
  Eat: Chunk             |       |     6 |     2 ||     8
Armor: Scale mail        |    74 |   136 |    16 ||   226
Dodge: Dodged            |    36 |    91 |    14 ||   141
Block: Shield            |    71 |   124 |    21 ||   216
